 Dungeon Crawl Stone Soup version 0.24-a0-335-g06ca16af6c (webtiles) character file.

Game seed: 10770588284620002033

54 HAL9000 the Sneak (level 3, -2/18 HPs)
             Began as a Vine Stalker Assassin on May 18, 2019.
             Slain by an orc (4 damage)
             ... on level 2 of the Dungeon.
             The game lasted 00:02:39 (2044 turns).

HAL9000 the Sneak (Vine Stalker Assassin)           Turns: 2044, Time: 00:02:40

Health: -2/18      AC:  3    Str: 14    XL:     3   Next: 91%
Magic:  0/4        EV: 12    Int: 11    God:
Gold:   121        SH:  0    Dex: 15    Spells: 2/2 levels left

rFire    . . .     SeeInvis .   x - +0 dagger (venom)
rCold    . . .     Gourm    .   (no shield)
rNeg     . . .     Faith    .   b - +0 robe
rPois    .         Spirit   +   (no helmet)
rElec    .         Reflect  .   c - +0 cloak
rCorr    .         Harm     .   (no gloves)
MR       .....     Rnd*Tele +   (no boots)
Stlth    +++.......             t - amulet of the acrobat
HPRegen  0.06/turn              (no ring)
MPRegen  0.09/turn              n - ring of teleportation

@: no status effects
A: fangs 2, magic shield, antimagic bite, no potion heal 3, rot immunity
a: no special abilities


You were on level 2 of the Dungeon.
You were hungry.

You visited 1 branch of the dungeon, and saw 3 of its levels.

You collected 121 gold pieces.

Inventory:

Hand Weapons
 a - a +2 dagger
 x - a +0 dagger of venom (weapon)
Missiles
 d - 8 poisoned darts (quivered)
 e - 2 curare-tipped darts
Armour
 b - a +0 robe (worn)
 c - a +0 cloak (worn)
Jewellery
 n - a ring of teleportation (right hand)
 t - an amulet of the acrobat (around neck)
Scrolls
 g - a scroll of blinking {unknown}
 i - 2 scrolls of identify
 p - a scroll of remove curse
 r - 2 scrolls of magic mapping {unknown}
 s - a scroll of enchant weapon {unknown}
 v - a scroll of fear {unknown}
Potions
 j - a potion of berserk rage
 m - a potion of agility
 o - a potion of curing
 q - a potion of cancellation {unknown}
 u - 3 potions of lignification {unknown}
Comestibles
 f - 4 rations


   Skills:
 + Level 2.0 Fighting
 + Level 2.4 Short Blades
 + Level 1.8 Throwing
 + Level 1.1 Dodging
 + Level 5.9 Stealth


You had 2 spell levels left.
You didn't know any spells.
Your spell library was empty.

Dungeon Overview and Level Annotations

Branches:
Dungeon (3/15)

Altars:
Trog


Innate Abilities, Weirdness & Mutations

You have extremely sharp teeth.
When hurt, damage is shared between your health and your magic reserves.
Your bite disrupts and absorbs the magic of your enemies.
Potions cannot restore your health.
You are immune to rotting.


Message History

The orc closely misses you. x2; The orc barely misses you.
The orc closely misses you. The orc barely misses you.
The orc hits you with a +0 hand axe. The orc hits you with a +0 dagger.
The orc misses you.
You climb upwards.
There is a stone staircase leading down here.
Unknown command.
You barely miss the orc. Your bite misses the orc.
The orc barely misses you. x2
You hit the orc but do no damage. Your bite misses the orc.
The orc hits you but does no damage. The orc hits you with a +0 dagger.
You closely miss the orc. The orc closely misses you. x2
The orc hits you with a +0 hand axe.
You hit the orc.
The orc is poisoned.
You bite the orc, but do no damage.
The orc is lightly wounded.
The orc barely misses you. The orc hits you with a +0 dagger.
* * * LOW HITPOINT WARNING * * *
You hit the orc.
The orc is heavily wounded.
The orc barely misses you. The orc hits you.
You die...

########## ####
################@o......# #.).
..............ooo######.## #...
######.####.###########..#####...
.................................
.#############.#############.....
=#...........#.#...........#.....
.#.####.####.#.#.####.####.#.....
.#....#.#....#.#....#.#....#.....
.####.#.#.####.####.#.#.####.....


You could see 4 orcs.

Vanquished Creatures
  A worm (D:2)
  A dart slug (D:2)
  2 leopard geckos
  3 bats
  3 giant cockroaches
  5 goblins
  7 hobgoblins
  6 jackals (D:2)
  A ball python (D:2)
  3 frilled lizards
  3 kobolds
  7 rats
42 creatures vanquished.

Notes
Turn   | Place    | Note
-------+----------+-------------------------------------------
     0 | D:1      | HAL9000 the Vine Stalker Assassin began the quest for the
                  | Orb.
     0 | D:1      | Reached XP level 1. HP: 11/11 MP: 2/2
   120 | D:1      | Reached skill level 5 in Stealth
   294 | D:1      | Reached XP level 2. HP: 15/15 MP: 3/3
   867 | D:2      | Reached XP level 3. HP: 8/18 MP: 4/4
  1246 | D:2      | Found a bloodstained altar of Trog.
  1278 | D:2      | Reached skill level 1 in Dodging
  2044 | D:2      | Slain by an orc

Levels and vault maps discovered:
D:1:      lemuel_arrival_rhombus, layout_loops_corners, chequers_garden
D:2:      layout_loops_ring, lightli_temple_of_fire, first_ration,
          roderic_lattice_a, minmay_liquid_box, minmay_pentomino_o2
D:3:      cheibrodos_pilgrimage, layout_basic,
          grunt_dithmenos_smoke_and_mirrors, uniq_robin

Skill      XL: |  1  2  3 |
---------------+----------+-----
Stealth        | 5 |  5.9
Short Blades   | 2 |  2.4
Dodging        | 1 |  1.1
Fighting       | 2 |  2.0
Throwing       | |  1.8

Action                   || total
-------------------------++-------
Melee: Dagger            ||   140
       Bite              ||    24
  Use: Scroll            ||     5
       Potion            ||     3
 Stab: Sleeping          ||     9
  Eat: Chunk             ||     3
Armor: Robe              ||    34
Dodge: Dodged            ||    94

Table legend:
 A = Non-vault XP
 B = Vault XP
 C = Vault XP percentage of total XP
 D = Non-vault monster count
 E = Vault monster count
 F = Vault count percentage of total count
                 A         B        C        D         E       F
            +---------+---------+-------+---------+---------+-------
      Total |      77 |       1 |   1.3 |      41 |       1 |   2.4
            +---------+---------+-------+---------+---------+-------
        D:1 |      29 |       0 |   0.0 |      17 |       0 |   0.0
        D:2 |      48 |       1 |   2.0 |      24 |       1 |   4.0
            +---------+---------+-------+---------+---------+-------
